 Dungeon Crawl Stone Soup version 0.30-a0-1074-g5db6f66fbb (webtiles) character file.

Game seed: 17592029605074209800

373 Dittersdorf the Covered (level 6, -2/60 HPs)
             Began as a Gargoyle Fighter on Apr 13, 2023.
             Was a Follower of Okawaru.
             Slain by a killer bee (5 damage)
             ... on level 4 of the Dungeon.
             The game lasted 00:04:08 (2405 turns).

Dittersdorf the Covered (Gargoyle Fighter)          Turns: 2405, Time: 00:04:08

Health: -2/60      AC: 23    Str: 21    XL:     6   Next: 71%
Magic:  6/6        EV:  2    Int:  9    God:    Okawaru [*.....]
Gold:   125        SH:  4    Dex:  9    Spells: 5/5 levels left

rFire   . . .      SeeInvis .    a - +0 flail
rCold   . . .      Faith    .    c - +0 buckler
rNeg    + + .      Spirit   .    l - melded +4 scale mail {rF+}
rPois   ∞          Reflect  .    (helmet currently unavailable)
rElec   .          Rampage  .    (cloak currently unavailable)
rCorr   .          NoTele   +    (gloves currently unavailable)
Will    .....                    m - melded +0 pair of boots
Stlth   +                        r - amulet of the acrobat
HPRegen 0.30/turn                o - ring of positive energy
MPRegen 0.10/turn                (no ring)

@: mighty, tree-form
A: stationary, stasis, torment immunity, boosted hp, sickness immunity, AC +4,
negative energy resistance 1, (electricity resistance), torment resistance 1,
petrification resistance
a: Renounce Religion, Heroism


You were on level 4 of the Dungeon.
You worshipped Okawaru.
Okawaru was aware of your devotion.
You were a tree.
You visited 1 branch of the dungeon, and saw 4 of its levels.

You collected 125 gold pieces.

Inventory:

Hand Weapons
 a - a +0 flail (weapon)
Missiles
 f - 5 poisoned darts (quivered)
Armour
 c - a +0 buckler (worn)
 l - a +4 scale mail of fire resistance (melded)
 m - a +0 pair of boots (melded)
Jewellery
 o - a ring of positive energy (left branch)
 r - an amulet of the acrobat (around neck)
Wands
 s - a wand of paralysis (7)
Scrolls
 g - 4 scrolls of identify {unknown}
 j - 2 scrolls of teleportation {unknown}
 n - a scroll of amnesia {unknown}
 p - a scroll of noise {unknown}
Potions
 b - a potion of heal wounds {unknown}
 e - a potion of curing {unknown}
 h - 2 potions of lignification
 i - 2 potions of attraction {unknown}
 k - a potion of mutation {unknown}
 q - a potion of brilliance {unknown}


   Skills:
 + Level 4.9 Fighting
 + Level 3.7 Maces & Flails
 + Level 4.9 Armour
 + Level 4.9 Shields


You had 5 spell levels left.
You didn't know any spells.
Your spell library contained the following spells:

 Spells                   Type           Power      Damage    Failure   Level
 Apportation              Tloc           0%         N/A       45%         1
 Necrotise                Necr           0%         1d4       45%         1
 Slow                     Hex            0%         N/A       45%         1
 Confusing Touch          Hex            0%         N/A       83%         3
 Portal Projectile        Hex/Tloc       0%         N/A       83%         3
 Vampiric Draining        Necr           0%         2d6       83%         3
 Leda's Liquefaction      Hex/Erth       0%         N/A       99%         4
 Summon Small Mammal      Summ           Unusable   N/A       N/A         1
 Call Canine Familiar     Summ           Unusable   N/A       N/A         3

Dungeon Overview and Level Annotations

Branches:
Dungeon (4/15)
 Temple: D:4-7

Altars:
Fedhas
Kikubaaqudgha
Okawaru
Qazlal
Vehumet
Xom
Zin

Shops:
D:2 =*?*=(   D:3 *


Innate Abilities, Weirdness & Mutations

You are a tree.
Your roots penetrate the ground, keeping you stationary.
You cannot be teleported.
You are immune to unholy pain and torment.
Your maximum health is greatly increased.
Your equipment is partially melded.
You are immune to sickness and miasma.
((Your stone body is resilient. (AC +4)))
You are immune to poison.
You resist negative energy. (rN+)
((You are resistant to electric shocks. (rElec)))
You are resistant to unholy torment.
You are immune to petrification.


Message History

The killer bee is severely wounded.
The killer bee stings you but does no damage. x2
You barely miss the killer bee.
The killer bee is severely wounded.
The killer bee barely misses you. The killer bee closely misses you.
The killer bee stings you.
* * * LOW HITPOINT WARNING * * *
You closely miss the killer bee.
The killer bee is severely wounded.
The killer bee stings you but does no damage.
The killer bee stings you.
* * * LOW HITPOINT WARNING * * *
The killer bee closely misses you.
It was a potion of lignification.
You turn into a tree.
Your +0 pair of boots melds into your body.
Your +4 scale mail of fire resistance melds into your body.
You feel less resistant to fire.
Your roots penetrate the ground.
The killer bee stings you but does no damage. x2
You sock the killer bee!
You kill the killer bee!
Okawaru accepts your kill.
The killer bee stings you but does no damage.
You miss the killer bee.
The killer bee stings you but does no damage. x3
You closely miss the killer bee.
The killer bee stings you but does no damage.
The killer bee stings you.
* * * LOW HITPOINT WARNING * * *
You miss the killer bee.
The killer bee stings you but does no damage.
You block the killer bee's attack.
You sock the killer bee!
The killer bee is severely wounded.
The killer bee stings you but does no damage. x2
The killer bee stings you.
* * * LOW HITPOINT WARNING * * *
You closely miss the killer bee.
The killer bee is severely wounded.
The killer bee stings you.
You die...

##############
...>yyy♣..#..##
###.#####.#...#
#......###
#........#
#.##...#.#
#....#.#.# #.#
####.#.#.#
######.#
#.....#
#...##.#
###.###


You could see 3 killer bees.

Vanquished Creatures
  A black bear (D:4)
  An ice beast (D:3)
  2 killer bees (D:4)
  5 adders
  A worm (D:2)
  2 orcs
  4 bats
  3 endoplasms
  2 giant cockroaches (D:2)
  4 hobgoblins
  5 kobolds
  2 quokkas
  7 ball pythons
  3 frilled lizards (D:2)
  5 goblins
  5 rats
52 creatures vanquished.

Notes
Turn   | Place    | Note
-------+----------+-------------------------------------------
     0 | D:1      | Dittersdorf the Gargoyle Fighter began the quest for the
                  | Orb.
     0 | D:1      | Reached XP level 1. HP: 14/14 MP: 1/1
   300 | D:1      | Reached XP level 2. HP: 19/19 MP: 2/2
   301 | D:1      | You fall into a shaft and drop 1 floor!
   348 | D:2      | Found Edises's Jewellery Shop.
   361 | D:2      | Reached XP level 3. HP: 23/23 MP: 3/3
   881 | D:2      | Found Ziomaore's Assorted Antiques.
   924 | D:2      | Found Roruuheb's Jewellery Shop.
   957 | D:2      | Found The Oracle's Delphic Readings.
   974 | D:2      | Reached XP level 4. HP: 25/29 MP: 4/4
  1043 | D:2      | Found Efraf's General Store.
  1166 | D:2      | Found Zivvafyrph's Weapon Shoppe.
  1358 | D:3      | Found an iron altar of Okawaru.
  1364 | D:3      | Became a worshipper of Warmaster Okawaru
  1470 | D:3      | Noticed an ice beast
  1487 | D:3      | Killed an ice beast
  1488 | D:3      | Reached XP level 5. HP: 34/34 MP: 5/5
  1632 | D:3      | Found a glowing silver altar of Zin.
  1635 | D:3      | Found a radiant altar of Vehumet.
  1637 | D:3      | Found Zin's Purification Station.
  1960 | D:3      | Found a shimmering altar of Xom.
  1962 | D:3      | Found an ancient bone altar of Kikubaaqudgha.
  1962 | D:3      | Found an ornate altar of the Wu Jian Council.
  1964 | D:3      | Found a glowing silver altar of Zin.
  1964 | D:3      | Found a stormy altar of Qazlal.
  1964 | D:3      | Found a glowing silver altar of Zin.
  2105 | D:4      | Noticed a black bear
  2116 | D:4      | Killed a black bear
  2116 | D:4      | Reached * piety under Okawaru
  2117 | D:4      | Reached XP level 6. HP: 30/39 MP: 6/6
  2290 | D:4      | Found a blossoming altar of Fedhas.
  2404 | D:4      | HP: 2/60 [killer bee (4)]
  2405 | D:4      | Slain by a killer bee

Illustrated notes

Levels and vault maps discovered:
D:1:      tarquinn_simple_flora_water_a, layout_basic, serial_forest,
          infiniplex_forest_lined_room_, infiniplex_forest_clump_tiny,
          infiniplex_forest_corner_1, infiniplex_forest_lined_corner,
          infiniplex_forest_fountain
D:2:      layout_rooms, serial_shops, nicolae_lakefront_shop,
          nicolae_shop_window_shopping, nicolae_square_shop,
          nicolae_lakefront_shop, shop, nicolae_nh_oracle_at_delphi
D:3:      layout_loops_ring, doesnt_xom_only_xom, zin_purify, lemuel_tele_altar,
          okawaru_ov_weapons_minmay
D:4:      layout_basic, fedhas_altar_3, serial_bayou_pond_d, uniq_blork_the_orc

Skill      XL: |  1  2  3  4 |
---------------+-------------+-----
Shields        | 4 |  4.9
Fighting       | 4 |  4.9
Maces & Flails | 3 |  3.7
Armour         | 4 |  4.9

Action                     |  1- 3 |  4- 6 || total
---------------------------+-------+-------++-------
  Melee: Flail             |   101 |    98 ||   199
  Throw: Dart              |       |     5 ||     5
    Use: Potion            |       |     2 ||     2
 Armour: Chain mail        |    29 |       ||    29
         Scale mail        |    41 |    71 ||   112
         Skin              |       |    10 ||    10
  Dodge: Dodged            |    41 |    46 ||    87
  Block: Buckler           |    14 |    21 ||    35

Table legend: (Time is in decaauts)
 A = Elapsed time spent in this place.
 B = Non-inter-level travel time spent in this place.
 C = Inter-level travel time spent in this place.
 D = Time resting spent in this place.
 E = Time spent auto-exploring this place.
 F = Levels seen in this place.
 G = Mean time per level.
                   A        B        C        D        E       F      G
               +--------+--------+--------+--------+--------+-----+--------+
         Total |   2465 |   2361 |    104 |      0 |   1826 |   4 |  616.2 |
       Dungeon |   2465 |   2361 |    104 |      0 |   1826 |   4 |  616.2 |
               +--------+--------+--------+--------+--------+-----+--------+

Top non-repeatable levels by time:
     D:3: 805 daAuts
     D:1: 685 daAuts
     D:2: 619 daAuts
     D:4: 354 daAuts
